 Dungeon Crawl Stone Soup version 0.21-a0-525-ga34b322 (webtiles) character file.

262 slep the Chopper (level 6, 0/32 HPs)
             Began as a Vine Stalker Gladiator on Dec 8, 2017.
             Succumbed to a worker ant's poison
             ... on level 4 of the Dungeon.
             The game lasted 00:06:40 (1941 turns).

slep the Chopper (Vine Stalker Gladiator)           Turns: 1941, Time: 00:06:40

Health: 0/32       AC:  4    Str: 19    XL:     6   Next: 18%
Magic:  4/7        EV: 13    Int:  8    God:
Gold:   230        SH:  0    Dex: 15    Spells: 5/5 levels left

rFire    + . .     SeeInvis .   a - +0 war axe
rCold    x . .     Gourm    .   (no shield)
rNeg     . . .     Faith    .   b - +0 leather armour
rPois    .         Spirit   +   c - +0 helmet
rElec    .         Reflect  .   y - scarf {cloud immunity}
rCorr    .         Harm     .   (no gloves)
MR       .....                  (no boots)
Stlth    +.........             u - amulet of inaccuracy (curse)
HPRegen  0.50/turn              p - ring of fire
MPRegen  0.10/turn              (no ring)

@: lethally poisoned (0 -> -2)
A: fangs 2, regeneration 1, magic shield, antimagic bite, no potion heal 3, rot
immunity
a: no special abilities


You were on level 4 of the Dungeon.
You were hungry.

You visited 1 branch of the dungeon, and saw 4 of its levels.

You collected 230 gold pieces.

Inventory:

Hand Weapons
 a - a +0 war axe (weapon)
 t - a +0 blowgun
Missiles
 d - 3 throwing nets (quivered)
Armour
 b - a +0 leather armour (worn)
 c - a +0 helmet (worn)
 y - a scarf of cloud immunity (worn)
Jewellery
 e - an uncursed amulet of rage
 p - a ring of fire (left hand)
 u - a cursed amulet of inaccuracy (around neck)
Wands
 w - a wand of disintegration (11)
Scrolls
 h - 2 scrolls of teleportation {unknown}
 i - 2 scrolls of enchant armour {unknown}
 n - 4 scrolls of identify {unknown}
 o - a scroll of immolation {unknown}
 v - a scroll of enchant weapon {unknown}
 z - a scroll of blinking {unknown}
Potions
 g - a potion of cancellation
 k - a potion of resistance {unknown}
 l - a potion of invisibility {unknown}
 m - a potion of ambrosia {unknown}
 r - a potion of might {unknown}
 s - 2 potions of curing {unknown}
 x - a potion of magic {unknown}
 A - a potion of degeneration {unknown}
Comestibles
 f - 3 bread rations
 j - 2 meat rations
 q - 3 fruits
 B - 8 chunks of flesh
 C - a royal jelly


   Skills:
 + Level 2.6 Fighting
 + Level 4.7 Axes
 + Level 1.8 Throwing
 + Level 1.7 Armour
 + Level 3.2 Dodging
 + Level 0.6 Stealth


You had 5 spell levels left.
You didn't know any spells.

Dungeon Overview and Level Annotations

Branches:
Dungeon (4/15)
 Temple: D:4-7

Altars:


Innate Abilities, Weirdness & Mutations

You have extremely sharp teeth.
Your natural rate of healing is unusually fast.
When hurt, damage is shared between your health and your magic reserves.
Your bite disrupts and absorbs the magic of your enemies.
Potions cannot restore your health.
You are immune to rotting.


Message History

The worker ant is severely wounded.
* * * LOW HITPOINT WARNING * * *
You feel sick. The worker ant barely misses you.
The worker ant closely misses you.
You closely miss the worker ant. You bite the worker ant. You drain its power.
The worker ant is almost dead.
* * * LOW HITPOINT WARNING * * *
You feel sick. The worker ant bites you.
* * * LOW HITPOINT WARNING * * *
You closely miss the worker ant. Your bite misses the worker ant.
The worker ant is almost dead.
* * * LOW HITPOINT WARNING * * *
You feel sick. The worker ant closely misses you. The worker ant bites you.
* * * LOW HITPOINT WARNING * * *
You closely miss the worker ant. Your bite misses the worker ant.
The worker ant is almost dead.
* * * LOW HITPOINT WARNING * * *
You feel sick. The worker ant barely misses you.
It was a potion of cancellation.
You feel magically purged.
You die...

.# .# .# #.# ####.## ...
.....# #.# #a...# #.#
..# #@...#### #.# #.#
#........ #.# #.#
#......≈≈ #.# ##.###
#....≈≈≈≈ #.# ....#
#..≈≈≈≈≈≈ #.#######.#.#
#.≈≈≈≈≈≈. ..........#.##
#.≈≈≈≈≈≈.
####.###...#.###.≈≈≈≈≈≈.
#.# #..###....≈≈≈≈≈≈≈


You could see a worker ant.

Vanquished Creatures
  An ogre (D:4)
  An orc priest (D:4)
  Jessica (D:3)
  Ijyb (D:3)
  3 adders
  An ooze (D:2)
  2 worms (D:2)
  2 dart slugs
  A leopard gecko (D:2)
  3 orcs (D:4)
  5 bats
  2 giant cockroaches
  10 goblins
  3 hobgoblins (D:1)
  5 jackals
  A quokka (D:2)
  A ball python (D:3)
  A frilled lizard (D:1)
  6 kobolds
  7 rats
57 creatures vanquished.

Vanquished Creatures (others)
  4 toadstools (D:1)
4 creatures vanquished.

Grand Total: 61 creatures vanquished

Notes
Turn   | Place    | Note
-------+----------+-------------------------------------------
     0 | D:1      | slep the Vine Stalker Gladiator began the quest for the Orb.
     0 | D:1      | Reached XP level 1. HP: 11/11 MP: 2/2
   250 | D:1      | Reached XP level 2. HP: 3/15 MP: 3/3
   345 | D:1      | Reached skill level 3 in Axes
   626 | D:2      | Reached XP level 3. HP: 13/18 MP: 1/4
   842 | D:2      | Gained mutation: Your natural rate of healing is unusually fast. [Vine Stalker growth]
   842 | D:2      | Reached XP level 4. HP: 6/23 MP: 5/5
  1207 | D:3      | Noticed Ijyb
  1214 | D:3      | Reached skill level 1 in Armour
  1225 | D:3      | Killed Ijyb
  1225 | D:3      | Reached skill level 4 in Axes
  1440 | D:3      | Reached XP level 5. HP: 26/26 MP: 6/6
  1638 | D:3      | Noticed Jessica
  1655 | D:3      | Killed Jessica
  1898 | D:4      | Noticed an ogre
  1902 | D:4      | Killed an ogre
  1902 | D:4      | Reached XP level 6. HP: 32/32 MP: 7/7
  1940 | D:4      | HP: 1/32 [poisoned by a worker ant]
  1941 | D:4      | Succumbed to a worker ant's poison

Vault maps used:
D:1:      ldierk_water_garden
D:3:      kennysheep_goblin_castle, uniq_jessica
D:4:      temple_pool_b, first_bread

Skill      XL: |  1  2  3  4  5 |
---------------+----------------+-----
Fighting       | 2 |  2.6
Axes           | 3 4 |  4.7
Armour         | 1 |  1.7
Dodging        | 3 |  3.2
Throwing       | |  1.8
Stealth        | |  0.6

Action                   |  1- 3 |  4- 6 || total
-------------------------+-------+-------++-------
Melee: War axe           |    73 |    99 ||   172
       Bite              |    15 |    27 ||    42
  Use: Potion            |       |     1 ||     1
 Stab: Sleeping          |     1 |       ||     1
  Eat: Chunk             |       |     3 ||     3
Armor: Leather armour    |    13 |    28 ||    41
Dodge: Dodged            |    52 |    91 ||   143

Table legend:
 A = Spawn XP
 B = Non-spawn XP
 C = Spawn XP percentage of total XP
 D = Spawn monster count
 E = Non-spawn monster count
 F = Spawn count percentage of total count
 G = Total turns spent on level
                    A         B        C        D         E        F      G
               +---------+---------+-------+---------+---------+-------+---------
         Total |       0 |     375 |   0.0 |       0 |      57 |   0.0 |  1941
               +---------+---------+-------+---------+---------+-------+---------
           D:1 |       0 |      20 |   0.0 |       0 |      13 |   0.0 |   615
           D:2 |       0 |      69 |   0.0 |       0 |      18 |   0.0 |   432
           D:3 |       0 |     118 |   0.0 |       0 |      21 |   0.0 |   757
           D:4 |       0 |     168 |   0.0 |       0 |       5 |   0.0 |   137
               +---------+---------+-------+---------+---------+-------+---------
